 Dungeon Crawl Stone Soup version 0.29.0-4-gdea44cf6ec (webtiles) character file.

Game seed: 1138675464702797986

44 xian the Sneak (level 3, 0/17 HPs)
             Began as a Felid Delver on Aug 28, 2022.
             Slain by a jackal (1 damage)
             ... on level 2 of the Dungeon.
             The game lasted 00:03:57 (1640 turns).

xian the Sneak (Felid Delver)                       Turns: 1640, Time: 00:03:58

Health: 0/17       AC:  1    Str:  8    XL:     3   Next: 39%
Magic:  4/4        EV: 17    Int: 13    God:
Gold:   68         SH:  0    Dex: 17    Spells: 2/2 levels left
                                        Lives:  0   Deaths: 0

rFire   . . .      SeeInvis +     - Unarmed
rCold   . . .      Faith    .   (shield unavailable)
rNeg    . . .      Spirit   .   (body armour unavailable)
rPois   .          Reflect  .   (helmet unavailable)
rElec   .          Harm     .   (cloak unavailable)
rCorr   .          Rampage  .   (gloves unavailable)
Will    .....                   (boots unavailable)
Stlth   ++++......              (no amulet)
HPRegen 0.05/turn               (no ring)
MPRegen 0.09/turn               (no ring)

@: quick
A: very small, claws 1, fangs 3, see invisible, speed 1, shaggy fur 1, stealthy
paws, no weapons or thrown items, no armour, multi-lived
a: no special abilities


You were on level 2 of the Dungeon.
You visited 1 branch of the dungeon, and saw 5 of its levels.

You collected 68 gold pieces.

Inventory:

Wands
 e - a wand of digging (3)
Scrolls
 a - a scroll of fog
 b - a scroll of magic mapping
 c - a scroll of fear
 f - a scroll of summoning {unknown}
 g - a scroll of enchant weapon {unknown}
 i - a scroll of identify {unknown}
Potions
 d - a potion of haste
 h - a potion of degeneration {unknown}


   Skills:
 + Level 3.1 Fighting
 + Level 2.8 Dodging
 + Level 7.7 Stealth
 + Level 2.3 Unarmed Combat


You had 2 spell levels left.
You didn't know any spells.
Your spell library contained the following spells:

 Spells                   Type           Power      Damage    Failure   Level
 Inner Flame              Hex/Fire       0%         N/A       67%         3
 Cause Fear               Hex            0%         N/A       97%         4
 Blade Hands              Tmut           0%         N/A       100%        5
 Irradiate                Conj/Tmut      0%         3d11      100%        5
 Dragon Form              Tmut           0%         N/A       100%        7
 Discord                  Hex            0%         N/A       100%        8


Dungeon Overview and Level Annotations

Branches:
Dungeon (5/15)
 Temple: D:4-7

Altars:

Annotations:
D:5 1 runed translucent door


Innate Abilities, Weirdness & Mutations

You have sharp claws.
You have razor-sharp teeth.
You have supernaturally acute eyesight. (SInv)
You cover ground quickly. (Speed+)
You are covered in fur. (AC +1)
Your paws help you pounce on unaware monsters.
You are incapable of wielding weapons or throwing items.
You cannot wear armour.
You gain extra lives every three experience levels.


Message History

The orc shouts!
The orc shouts! x2
You scratch the dart slug. You bite the dart slug.
You kill the dart slug!
The orc throws a boomerang.
The boomerang completely misses you.
An adder comes into view.
A jackal comes into view.
The adder bites you.
You scratch the adder.
The adder is heavily wounded.
The adder barely misses you.
You scratch the adder. You bite the adder, but do no damage.
The adder is almost dead.
The adder bites you.
You are poisoned.
The adder poisons you!
You scratch the adder.
You kill the adder!
You feel sick.
The jackal barks!
A jackal comes into view.
You feel sick.
You see here an adder corpse.
You feel sick.
You feel sick.
You feel sick.
You feel sick.
You are no longer poisoned.
The jackal attacks as you move away! The jackal closely misses you.
The jackal attacks as you move away! The jackal bites you.
* * * LOW HITPOINT WARNING * * *
You barely miss the jackal. The jackal completely misses you.
The jackal bites you.
* * * LOW HITPOINT WARNING * * *
You barely miss the jackal. The jackal misses you.
The jackal barks!
You completely miss the jackal. You bite the jackal, but do no damage.
The jackal closely misses you. x2
You closely miss the jackal. The jackal bites you.
You die...

.# ######## .## .......#
... ######.# .. #.#
##.## ##.##### #...#
#......# #...#
#####...##.# #@..#
...........# #hh.#
.#.........#####...####.
.#.######...............
.†.#....#...............
.#.#..PP#.......o.......
.#.#...########....#.###
...#P.## #...####
##.##### #...###


You could see an orc and 2 jackals.

Vanquished Creatures
  3 adders (D:2)
  A dart slug (D:2)
  2 ball pythons (D:2)
  A bat (D:1)
  2 endoplasms (D:1)
  A goblin (D:1)
  A quokka (D:1)
  3 kobolds (D:1)
  3 rats
17 creatures vanquished.

Notes
Turn   | Place    | Note
-------+----------+-------------------------------------------
     0 | D:5      | xian the Felid Delver began the quest for the Orb.
     0 | D:5      | Reached XP level 1. HP: 10/10 MP: 2/2
     0 | D:5      | Found a runed translucent door.
    75 | D:5      | Noticed a phantom
   104 | D:4      | Noticed an iguana
   228 | D:4      | Noticed an iguana
   714 | D:2      | Reached skill level 7 in Stealth
   714 | D:2      | Reached XP level 2. HP: 14/14 MP: 3/3
   838 | D:1      | Found a faded altar of an unknown god.
  1528 | D:2      | Reached XP level 3. HP: 13/17 MP: 4/4
  1640 | D:2      | Slain by a jackal

Illustrated notes

Levels and vault maps discovered:
D:1:      ncdulo_wetmaze, layout_basic, dreamdust_ecumenical_altar_statues,
          chequers_garden, minmay_misc_feat_rows
D:2:      layout_loops_cross, serial_aquarium, aquarium_bridge_square
          [aquarium_subvault_bridge, aquarium_subvault_bridge,
          aquarium_subvault_window, aquarium_subvault_bridge],
          aquarium_window_corner, aquarium_window_fake, aquarium_view_2b,
          aquarium_view_2d, hangedman_decor_diamond_cutter
D:3:      layout_loops_ring, old_standard_altar, palyth_stone_intersect
D:4:      layout_basic, nicolae_ru_great_annihilating_truth,
          makhleb_heckhound_becter
D:5:      layout_basic, nicolae_overflow_crystal_walls,
          minmay_temple_entry_proselytizer, ebering_ghost_sewer_d,
          uniq_crazy_yiuf_cottage

Skill      XL: |  1 |
---------------+----+-----
Stealth        | 7 |  7.7
Fighting       | |  3.1
Dodging        | |  2.8
Unarmed Combat | |  2.3

Action                   || total
-------------------------++-------
Melee: Unarmed           ||    46
       Bite              ||     4
 Stab: Sleeping          ||     7
       Distracted        ||     1
Armor: Skin              ||     1
Dodge: Dodged            ||    44
